Map: Acid Plant LE

Players

occiso - Winner!

  • Race: Terran Terran
  • League: Silver
  • Spawn Location: 5:00

CinDra

  • Race: Zerg Zerg
  • League: Silver
  • Spawn Location: 11:00

VOD

Have the link to the VOD?

Description

Time

  • Played on: Feb. 12, 2018, 10:46 p.m.
  • Length: 22:50
Show
View Real Time Build Order
Export as new Build Order

occiso Terran - Winner!

Build Orders: MMM Bio 

Get SALT Encoding   

  12  0:38  SCV  
  13  0:49  Supply Depot  
  13  0:50  SCV  
  13  0:56  Refinery  
  14  1:02  SCV  
  15  1:13  Barracks  
  15  1:14  SCV  
  16  1:26  SCV  
  17  1:39  SCV  
  18  1:51  SCV  
  19  2:02  Marine  
  19  2:03  SCV, Supply Depot  
  21  2:19  Marine  
  22  2:25  SCV  
  22  2:26  Refinery  
  23  2:38  SCV  
  24  2:45  Factory  
  24  2:52  Orbital Command, Engineering Bay  
  24  2:55  Barracks Tech Lab  
  24  3:16  Stimpack  
  24  3:19  Marauder  
  26  3:23  SCV  
  27  3:34  Factory Tech Lab, Command Center  
  27  3:35  SCV  
  27  3:40  Marauder  
  30  3:44  Starport  
  30  3:51  SCV  
  31  4:03  Supply Depot  
  31  4:24  Siege Tank, Marine  
  31  4:25  SCV  
  31  4:26  Supply Depot  
  36  4:33  Starport Reactor  
  36  4:37  SCV  
  37  4:47  Marine  
  37  4:48  Supply Depot  
  37  4:49  SCV  
  39  4:57  Widow Mine  
  41  5:05  Marine  
  41  5:06  SCV  
  43  5:18  SCV, Hellion  
  43  5:21  Refinery  
  46  5:22  Orbital Command  
  46  5:23  Refinery  
  46  5:27  Marine  
  47  5:30  SCV  
  48  5:40  Widow Mine  
  48  5:42  Concussive Shells  
  50  5:45  Marine  
  51  5:53  SCV x2  
  53  5:57  Viking x2  
  53  6:03  Marine  
  61  6:05  SCV x2  
  63  6:17  SCV x2  
  65  6:21  Marine  
  65  6:22  Siege Tank  
  66  6:27  Viking x2  
  70  6:34  Armory  
  70  6:46  Terran Infantry Armor Level 1  
  70  6:49  Missile Turret  
  70  7:13  Missile Turret  
  70  7:23  Supply Depot  
  70  7:43  Barracks  
  70  7:44  SCV, Viking x2, Cyclone  
  70  7:47  Supply Depot  
  78  7:52  Factory  
  78  7:54  Starport  
  78  8:08  SCV, Marine  
  78  8:09  SCV  
  78  8:10  Missile Turret, Supply Depot  
  81  8:13  Supply Depot  
  81  8:16  Medivac  
  83  8:21  SCV, Viking  
  86  8:32  Thor, Marine  
  93  8:36  Barracks Reactor, Supply Depot  
  93  8:38  Factory Tech Lab  
  93  8:40  Starport Tech Lab  
  93  8:43  Terran Ship Weapons Level 1  
  93  8:47  Terran Infantry Weapons Level 1  
  93  8:49  Combat Shields  
  93  8:58  SCV x2  
  95  9:09  Command Center  
  95  9:10  SCV x2  
  95  9:14  Thor  
  103  9:39  Missile Turret  
  103  9:58  Viking x3  
  109  10:10  Missile Turret  
  109  10:17  Supply Depot  
  109  10:21  Marine x2  
  109  10:22  Marine  
  109  10:24  Thor x2  
  124  10:32  Missile Turret  
  124  10:38  Terran Ship Weapons Level 2  
  124  10:39  Viking x3, Marine x2  
  124  10:40  Supply Depot  
  130  10:54  Missile Turret  
  130  10:59  Marine x3  
  130  11:03  Supply Depot  
  133  11:16  Missile Turret  
  133  11:17  Marine  
  128  11:18  Viking  
  128  11:19  Viking x2  
  128  11:22  Marine x2  
  136  11:34  Marine  
  137  11:40  Marine x2  
  139  11:48  Viking x2  
  139  11:49  Viking  
  139  11:50  SCV x2  
  147  12:02  SCV x2  
  149  12:26  Supply Depot  
  149  12:47  Siege Tank x2, Marine x2  
  149  12:48  Sensor Tower, Supply Depot  
  157  13:00  Refinery  
  157  13:02  Refinery  
  157  13:10  Viking x3, Marine x2  
  165  13:13  Supply Depot  
  165  13:19  Terran Infantry Weapons Level 2  
  165  13:22  Terran Ship Weapons Level 3  
  165  13:26  Sensor Tower  
  165  13:35  SCV x2, Marine x3  
  165  13:38  Supply Depot  
  165  13:40  Viking  
  172  13:44  Viking  
  172  13:47  SCV  
  173  13:59  SCV, Marine  
  174  14:17  Marauder  
  176  14:24  Viking x2  
  180  14:37  Supply Depot  
  180  14:38  Supply Depot  
  180  14:43  Supply Depot  
  180  14:54  Marine  
  180  14:58  Viking x2, Marine  
  180  14:59  Marauder  
  188  15:00  Viking  
  188  15:01  Supply Depot  
  188  15:12  Marine  
  156  15:16  Marine  
  156  15:20  Marauder  
  137  15:28  Viking  
  134  15:30  Viking, Marine  
  134  15:34  Marine  
  140  15:41  Marauder  
  141  15:48  Marine  
  142  15:51  Marine  
  129  16:02  Marine  
  107  16:06  Marine  
  107  16:09  Marine  
  109  16:20  Marine  
  109  16:21  Planetary Fortress  
  109  16:23  Marine  
  111  16:31  Siege Tank x2  
  117  16:33  Viking x3  
  117  16:38  Marine x2  
  125  16:41  Marine  
  126  16:56  Marauder, Marine  
  126  16:59  Marine  
  130  17:03  Viking x3, Siege Tank x2  
  142  17:14  Marine  
  143  17:17  Marine  
  143  17:18  Marauder  
  143  17:20  Sensor Tower  
  146  17:32  Marine  
  146  17:33  Viking  
  146  17:35  Thor x2  
  161  17:39  Viking x2, Marauder  
  167  18:03  Viking  
  169  18:09  Viking x2  
  173  18:18  Thor x2  
  185  18:34  Marine  
  185  18:35  Marine x2  
  186  18:50  Terran Vehicle Weapons Level 1  
  186  18:52  Terran Infantry Weapons Level 3, Marine  
  186  18:53  Marine x2  
  189  19:10  Marine x3  
  189  19:16  Refinery, Command Center  
  192  19:21  Refinery  
  192  19:28  Marine x3  
  193  19:46  Marine  
  175  20:01  Marine  
  175  20:02  Marine  
  175  20:04  Marauder  
  179  20:19  Marine  
  179  20:20  Marine  
  181  20:26  Marauder  
  183  20:37  Raven, Marine x2  
  183  20:39  Viking x2  
  191  20:47  Marine  
  192  20:55  Marine x2  
  194  21:04  Planetary Fortress, Marine  
  194  21:09  Viking x2  
  199  21:45  Marine  
Show
View Real Time Build Order
Export as new Build Order

CinDra Zerg 

Build Orders: Hatch First 

Get SALT Encoding   

  12  0:01  Drone  
  13  0:13  Overlord  
  13  0:30  Drone  
  13  0:35  Drone  
  15  0:47  Drone  
  16  0:56  Drone  
  17  0:59  Hatchery  
  16  1:07  Drone  
  17  1:14  Spawning Pool  
  16  1:19  Extractor, Drone  
  16  1:28  Drone  
  17  1:39  Drone  
  18  1:50  Drone  
  19  2:01  Zergling x2  
  19  2:04  Queen  
  22  2:10  Overlord  
  22  2:12  Overlord  
  22  2:15  Queen  
  24  2:24  Drone x2  
  24  2:27  Metabolic Boost  
  26  2:38  Drone x2  
  28  2:50  Drone x2  
  30  2:55  Zergling x4  
  32  3:02  Extractor  
  31  3:07  Drone x2  
  31  3:10  Roach Warren  
  32  3:19  Zergling x4  
  34  3:20  Overlord  
  34  3:21  Drone  
  35  3:29  Drone x2  
  37  3:43  Drone x2  
  39  4:00  Drone x7  
  46  4:08  Extractor  
  45  4:10  Roach x2  
  45  4:11  Extractor  
  45  4:12  Overlord  
  48  4:20  Drone  
  48  4:21  Drone  
  48  4:22  Drone x2  
  51  4:32  Roach x4  
  51  4:34  Overlord  
  59  4:46  Pneumatized Carapace  
  59  4:47  Lair  
  59  4:52  Drone x3  
  62  4:55  Overlord x2  
  62  5:07  Drone x4  
  66  5:21  Hatchery  
  65  5:38  Drone x4  
  69  5:44  Roach x7  
  69  5:47  Overseer  
  83  5:51  Glial Reconstitution  
  83  5:55  Overlord  
  83  6:02  Evolution Chamber, Spire  
  81  6:04  Evolution Chamber  
  81  6:08  Queen  
  82  6:18  Overseer  
  82  6:31  Zergling x2, Roach x4  
  91  6:32  Overlord  
  91  6:33  Overlord x4  
  91  6:44  Queen  
  93  6:52  Drone  
  93  6:53  Drone x6  
  93  6:54  Drone  
  101  6:57  Drone x3  
  104  7:12  Zerg Missile Weapons Level 1, Zerg Ground Armor Level 1  
  104  7:14  Mutalisk  
  104  7:15  Mutalisk x3  
  112  7:17  Overlord  
  112  7:21  Drone x2  
  112  7:22  Drone  
  115  7:38  Extractor  
  115  7:41  Extractor  
  113  7:54  Zerg Flyer Weapons Level 1, Mutalisk x3  
  113  7:55  Mutalisk x5  
  129  8:07  Overseer  
  129  8:13  Roach  
  129  8:14  Overlord x2, Roach x7  
  145  8:27  Infestation Pit  
  144  8:33  Drone x4  
  148  8:35  Drone  
  148  8:36  Drone  
  148  9:19  Corruptor x5  
  148  9:20  Corruptor x2  
  148  9:22  Overlord x5  
  160  9:32  Zerg Ground Armor Level 2, Zerg Missile Weapons Level 2  
  160  9:48  Zerg Flyer Armor Level 1  
  160  9:57  Roach x2  
  160  9:58  Roach x7  
  174  10:51  Roach x9  
  174  10:52  Overlord x3  
  178  11:19  Corruptor  
  178  11:20  Corruptor x8  
  196  11:47  Hatchery  
  195  12:00  Hive  
  195  12:01  Zerg Flyer Weapons Level 2  
  195  12:36  Overseer x3  
  195  12:41  Roach x2  
  199  13:23  Extractor  
  198  13:28  Extractor  
  187  14:19  Zerg Ground Armor Level 3, Zerg Missile Weapons Level 3  
  187  14:20  Zerg Flyer Armor Level 2  
  133  15:16  Roach  
  133  15:17  Roach x14  
  133  15:18  Roach x16  
  133  15:19  Roach x7  
  148  15:33  Roach x2  
  148  15:34  Roach x18  
  192  15:40  Overlord x2  
  192  15:41  Overlord  
  160  16:08  Corruptor  
  160  16:09  Corruptor x12  
  160  16:11  Queen  
  186  16:37  Zerg Flyer Weapons Level 3  
  186  16:48  Extractor  
  186  16:53  Adrenal Glands  
  185  16:56  Zergling x2  
  185  16:57  Zergling x4, Roach x2  
  185  16:58  Roach x4  
  198  17:52  Roach  
  198  17:58  Roach x2  
  199  18:39  Roach  
  199  19:22  Hatchery  
  198  19:27  Zergling x2  
  145  19:55  Roach x4  
  145  19:56  Roach x19  
  177  20:11  Zerg Melee Weapons Level 1  
  177  20:12  Zerg Flyer Armor Level 3  
  179  20:28  Roach  
  179  20:29  Roach x8  
  179  20:31  Roach x2  
  199  20:44  Overseer  
  199  20:45  Overseer  
  199  20:46  Overseer x2  
  199  21:29  Zergling x2  
  199  22:06  Roach x3  
  199  22:07  Roach x10  
  199  22:08  Roach x5  
  161  22:13  Extractor x2  
  161  22:15  Roach x9  
  116  22:16  Roach x3  
  116  22:18  Roach  
Tags
 
Composition
MMM Bio
Matchup
TvZ
Spawn Locations
Cross Positions
Add a new tag
Caveats
  • Supply blocks, unpowered buildings, or Contaminate may cause inaccurate times.
  • Supply counts are checked every 10 seconds.